 Dungeon Crawl Stone Soup version 0.21-a0-508-gf08a75f (webtiles) character file.

2194 redcow542 the Carver (level 9, -3/57 HPs)
             Began as a Tengu Fighter on Nov 28, 2017.
             Was a Follower of Wu Jian.
             Killed from afar by a steam dragon (18 damage)
             ... with a ball of steam
             ... on level 6 of the Dungeon.
             The game lasted 00:16:34 (4447 turns).

redcow542 the Carver (Tengu Fighter)                Turns: 4447, Time: 00:16:34

Health: -3/57      AC:  8    Str: 19    XL:     9   Next: 34%
Magic:  19/19      EV:  5    Int: 10    God:    Wu Jian [*.....]
Gold:   249        SH: 14    Dex: 13    Spells: 8/8 levels left

rFire    . . .     SeeInvis .   l - +0 rapier
rCold    . . .     Gourm    .   m - +0 large shield
rNeg     . . .     Faith    .   b - +1 scale mail
rPois    .         Spirit   .   (helmet restricted)
rElec    .         Reflect  .   (no cloak)
rCorr    .         Harm     .   (no gloves)
MR       .....                  (boots unavailable)
Stlth    ..........             (no amulet)
HPRegen  0.19/turn              v - ring of magical power
MPRegen  0.16/turn              (no ring)

@: no status effects
A: beak, talons 3, able to fly 1
a: Fly, Renounce Religion


You were on level 6 of the Dungeon.
You worshipped Wu Jian.
Wu Jian was aware of your devotion.
You were not hungry.

You visited 1 branch of the dungeon, and saw 6 of its levels.

You collected 249 gold pieces.

Inventory:

Hand Weapons
 a - a +0 long sword
 l - a +0 rapier (weapon)
Armour
 b - a +1 scale mail (worn)
 c - a +0 shield
 m - a +0 large shield (worn)
Jewellery
 v - a ring of magical power (left hand)
Scrolls
 e - 5 scrolls of identify
 i - 5 scrolls of remove curse
 j - a scroll of amnesia {unknown}
 n - a scroll of blinking
 p - 6 scrolls of teleportation
 r - a scroll of enchant armour
 x - 2 scrolls of fear {unknown}
Potions
 d - a potion of magic {unknown}
 g - 2 potions of lignification {unknown}
 h - 2 potions of curing
 k - 2 potions of agility {unknown}
 q - a potion of ambrosia {unknown}
 s - 3 potions of brilliance {unknown}
 u - a potion of resistance {unknown}
 w - a potion of mutation {unknown}
Books
 t - a book of Misfortune

   Spells                             Type                      Level
   a - Confusing Touch                Hexes                        1
   b - Confuse                        Hexes                        3
   c - Gell's Gravitas                Translocation                3
   d - Petrify                        Transmutation/Earth          4
   e - Metabolic Englaciation         Hexes/Ice                    5
   f - Yara's Violent Unravelling     Hexes/Transmutation          5
Comestibles
 f - a bread ration
 z - a royal jelly


   Skills:
 - Level 7.1 Fighting
 + Level 10.4 Long Blades
 * Level 5.0 Armour
 + Level 3.8 Shields


You had 8 spell levels left.
You didn't know any spells.

Dungeon Overview and Level Annotations

Branches:
Dungeon (6/15)             Temple (0/1) D:5

Altars:
Dithmenos
Nemelex Xobeh
Uskayaw
Vehumet
Wu Jian


Innate Abilities, Weirdness & Mutations

You have a beak for a mouth.
You have claws for feet.
You can fly.


Message History

* * * LOW HITPOINT WARNING * * *
You are engulfed in a cloud of scalding steam.
* * * LOW HITPOINT WARNING * * *
The steam dragon bites you but does no damage.
The steam dragon claws you but does no damage.
You see here a wand of flame (30).
You spin and attack the steam dragon.
You puncture the steam dragon! You peck the steam dragon.
The steam dragon is moderately wounded.
You block the steam dragon's attack.
The steam dragon claws you but does no damage.
You hit the steam dragon. Your kick misses the steam dragon.
Your peck misses the steam dragon.
The steam dragon is heavily wounded.
You block the steam dragon's attack. x2
Your shield and scale mail prevent you from hitting the steam dragon.
The steam dragon is heavily wounded.
The steam dragon breathes steam at you. The ball of steam hits you!
You die...

.D #..#.##
#....... ##.#
####.# #.......
.###...## #.#
#####.##
........# #.#
#.# #.# #.# #.#
#.# #.# #.# #.#
#.# #.#
###.#####D####.#
#.#
......../@.....#
##.##
###.#####.######
##...# #.#
#..#.# ## #.#
#....# .( #.#
######..### #
#.# #..........
### #.#
#.##..#...# ...
..# #.##.###.##
### #.##..#...#


You could see a steam dragon.

Vanquished Creatures
  The ghost of deifeln the Chucker, a novice OgHu of Ru (D:5)
  The ghost of Beatriz the Skirmisher, an amateur DsAK of Lugonu (D:4)
  Grinder (D:5)
  Sigmund (D:2)
  Menkaure (D:5)
  A sky beast (D:6)
  An orc warrior (D:6)
  An ice beast (D:5)
  The ghost of SkyDiva the Shooter, an amateur CeHu (D:3)
  An ogre (D:6)
  3 centaurs
  A bullfrog (D:6)
  A crimson imp (D:5)
  An orc priest (D:3)
  2 hounds
  A jelly (D:6)
  2 orc wizards
  An iguana (D:4)
  Terence (D:2)
  A worker ant (D:5)
  An adder (D:2)
  2 shadow imps
  An ooze (D:2)
  An adder skeleton (D:5)
  5 worms
  3 leopard geckos
  13 orcs
  4 giant cockroaches
  4 goblins
  4 hobgoblins
  3 jackals (D:3)
  4 kobolds
  3 quokkas
  A ball python (D:2)
  2 bats
  9 frilled lizards
  4 rats
88 creatures vanquished.

Notes
Turn   | Place    | Note
-------+----------+-------------------------------------------
     0 | D:1      | redcow542 the Tengu Fighter began the quest for the Orb.
     0 | D:1      | Reached XP level 1. HP: 14/14 MP: 2/2
   266 | D:1      | Reached XP level 2. HP: 19/19 MP: 3/3
   625 | D:2      | Reached skill level 3 in Long Blades
   766 | D:2      | Reached XP level 3. HP: 17/23 MP: 4/4
   826 | D:2      | Noticed Terence
   837 | D:2      | Killed Terence
   949 | D:2      | Found a sparkling altar of Nemelex Xobeh.
   951 | D:2      | Found a hide-covered altar of Uskayaw.
   959 | D:2      | Found an ornate altar of the Wu Jian Council.
   960 | D:2      | Found a shadowy altar of Dithmenos.
   962 | D:2      | Reached XP level 4. HP: 28/28 MP: 5/5
   966 | D:2      | Became a worshipper of the Wu Jian Council
  1056 | D:2      | Reached skill level 4 in Long Blades
  1081 | D:2      | Noticed Sigmund
  1089 | D:2      | Killed Sigmund
  1089 | D:2      | Reached skill level 5 in Long Blades
  1089 | D:2      | Gained mutation: You can fly. [Tengu growth]
  1089 | D:2      | Reached XP level 5. HP: 18/34 MP: 6/6
  1738 | D:3      | Reached XP level 6. HP: 39/39 MP: 7/7
  1820 | D:3      | Noticed SkyDiva's ghost (amateur CeHu)
  1833 | D:3      | Killed SkyDiva's ghost
  1833 | D:3      | Reached skill level 6 in Long Blades
  2465 | D:4      | Reached * piety under Wu Jian
  2491 | D:4      | Reached skill level 5 in Fighting
  2514 | D:4      | Reached XP level 7. HP: 27/44 MP: 8/8
  2524 | D:4      | Noticed Beatriz's ghost (amateur DsAK)
  2565 | D:4      | Killed Beatriz's ghost
  2565 | D:4      | Reached skill level 7 in Long Blades
  3365 | D:5      | Entered Level 5 of the Dungeon
  3383 | D:5      | Noticed Grinder
  3396 | D:5      | Paralysed by Grinder for 2 turns
  3401 | D:5      | Killed Grinder
  3401 | D:5      | Reached skill level 8 in Long Blades
  3401 | D:5      | Reached XP level 8. HP: 28/51 MP: 9/9
  3428 | D:5      | Noticed Menkaure
  3437 | D:5      | Killed Menkaure
  3696 | D:5      | Noticed deifeln's ghost (novice OgHu)
  3711 | D:6      | Reached skill level 9 in Long Blades
  3752 | D:5      | Killed deifeln's ghost
  3752 | D:5      | Reached skill level 10 in Long Blades
  3795 | D:5      | Reached XP level 9. HP: 51/57 MP: 10/10
  3813 | D:5      | Found a staircase to the Ecumenical Temple.
  4226 | D:6      | Found a radiant altar of Vehumet.
  4431 | D:6      | Reached skill level 5 in Armour
  4447 | D:6      | Killed from afar by a steam dragon

Vault maps used:
D:1:      dpeg_arrival_prison
D:2:      minitemple, first_bread, uniq_terence, uniq_sigmund
D:4:      st_stairs_5
D:5:      minmay_temple_entry_large_hall, uniq_menkaure, uniq_grinder
D:6:      cheibrodos_steamvent, vehumet_crystals, serial_bayou_pond_d

Skill      XL: |  1  2  3  4  5  6  7  8  9 |
---------------+----------------------------+-----
Long Blades    | 3 5 6 8 10 | 10.4
Fighting       | 4 5 7 |  7.1
Armour         | 5 |  5.0
Shields        | |  3.8

Action                   |  1- 3 |  4- 6 |  7- 9 || total
-------------------------+-------+-------+-------++-------
Melee: Long sword        |    36 |   108 |    28 ||   172
       Kick              |    11 |    26 |    53 ||    90
       Peck              |     7 |    27 |    45 ||    79
       Rapier            |       |       |   164 ||   164
  Use: Scroll            |       |       |     6 ||     6
       Potion            |       |       |    10 ||    10
  Eat: Meat ration       |       |     1 |     1 ||     2
       Bread ration      |       |       |     1 ||     1
Armor: Scale mail        |    12 |    24 |    69 ||   105
Dodge: Dodged            |     9 |    13 |    28 ||    50
Block: Shield            |    12 |     8 |       ||    20
       Large shield      |       |    41 |   124 ||   165
       Rpst.: Long sword |     2 |     3 |     1 ||     6

Table legend:
 A = Spawn XP
 B = Non-spawn XP
 C = Spawn XP percentage of total XP
 D = Spawn monster count
 E = Non-spawn monster count
 F = Spawn count percentage of total count
 G = Total turns spent on level
                    A         B        C        D         E        F      G
               +---------+---------+-------+---------+---------+-------+---------
         Total |       0 |    3135 |   0.0 |       0 |      88 |   0.0 |  4447
               +---------+---------+-------+---------+---------+-------+---------
           D:1 |       0 |      17 |   0.0 |       0 |      11 |   0.0 |   617
           D:2 |       0 |     299 |   0.0 |       0 |      13 |   0.0 |  1117
           D:3 |       0 |     216 |   0.0 |       0 |      25 |   0.0 |   654
           D:4 |       0 |     447 |   0.0 |       0 |      15 |   0.0 |   977
           D:5 |       0 |    1309 |   0.0 |       0 |      12 |   0.0 |   741
           D:6 |       0 |     847 |   0.0 |       0 |      12 |   0.0 |   341
               +---------+---------+-------+---------+---------+-------+---------
